 Dungeon Crawl Stone Soup version 0.27-a0-401-gea03ee85fd (webtiles) character file.

Game seed: 1662239646071443798

191 miscthings the Cudgeller (level 5, -11/45 HPs)
             Began as a Demonspawn Chaos Knight on Feb 22, 2021.
             Was a Plaything of Xom.
             Mangled by Crazy Yiuf
             ... wielding a +2 quarterstaff of chaos
              (16 damage)
             ... while paralysed by Crazy Yiuf
             ... on level 3 of the Dungeon.
             The game lasted 00:03:49 (2162 turns).

miscthings the Cudgeller (Demonspawn Chaos Knight)  Turns: 2162, Time: 00:03:50

Health: -11/45     AC:  7    Str: 13    XL:     5   Next: 41%
Magic:  1/5        EV:  2    Int: 13    God:    Xom [...*..]
Gold:   37         SH:  0    Dex: 13    Spells: 4/4 levels left

rFire    . . .     SeeInvis .   a - +0 mace (chaos)
rCold    . . .     Faith    .   (no shield)
rNeg     . . .     Spirit   .   b - +2 leather armour
rPois    .         Reflect  .   (no helmet)
rElec    .         Harm     .   (no cloak)
rCorr    .         Rampage  .   (no gloves)
Will     .....                  (no boots)
Stlth    +.........             (no amulet)
HPRegen  1.15/turn              (no ring)
MPRegen  0.09/turn              (no ring)

@: paralysed, lethally poisoned (-11 -> -21)
A: molten scales 1, demonic guardian 2, regeneration 1, robust 1
a: Renounce Religion


You were on level 3 of the Dungeon.
You worshipped Xom.
You were a favourite toy of Xom.
You visited 1 branch of the dungeon, and saw 3 of its levels.

You collected 37 gold pieces.

Inventory:

Hand Weapons
 a - a +0 mace of chaos (weapon)
Armour
 b - a +2 leather armour (worn)
 l - a +1 scale mail of cold resistance
Scrolls
 c - a scroll of immolation {unknown}
 d - 2 scrolls of teleportation
 f - a scroll of fear {unknown}
 g - a scroll of random uselessness {unknown}
 k - a scroll of magic mapping {unknown}
Potions
 e - a potion of resistance
 h - 3 potions of curing
 i - a potion of attraction
 j - a potion of invisibility
 m - a potion of haste {unknown}


   Skills:
 - Level 3.0 Fighting
 + Level 5.6 Maces & Flails
 - Level 1.7 Armour
 - Level 0.8 Dodging


You had 4 spell levels left.
You didn't know any spells.
Your spell library was empty.

Dungeon Overview and Level Annotations

Branches:
Dungeon (3/15)

Altars:

Annotations:
D:3 Crazy Yiuf


Innate Abilities, Weirdness & Mutations

You are partially covered in molten scales. (AC +2)
A demonic guardian rushes to your aid.
Your natural rate of healing is unusually fast.
You are robust. (+10% HP)


Message History

You feel sick.
You feel sick.
Found a mace.
Found a runed translucent door.
You feel sick.
Crazy Yiuf whimpers, "Fluff disdain noodlescoop!"
You open the door. You hit Crazy Yiuf.
Crazy Yiuf is lightly wounded.
Xom's power touches on a nearby monster.
Crazy Yiuf seems to slow down.
Crazy Yiuf heaves a sigh in contemplation.
Crazy Yiuf hits you with a +2 quarterstaff of chaos!
You are more poisoned.
You closely miss Crazy Yiuf.
Crazy Yiuf is lightly wounded.
You feel sick.
Crazy Yiuf hits you with a +2 quarterstaff of chaos!
You sock Crazy Yiuf!
Crazy Yiuf is poisoned.
Crazy Yiuf is heavily wounded.
You feel sick.
You hit Crazy Yiuf but do no damage.
Crazy Yiuf shakes off his lethargy.
Crazy Yiuf goes berserk!
Crazy Yiuf is heavily wounded.
You feel sick. Crazy Yiuf hits you but does no damage.
You suddenly lose the ability to move!
Crazy Yiuf hits you with a +2 quarterstaff of chaos!
You feel your power leaking away.
You feel sick.
Crazy Yiuf hits you with a +2 quarterstaff of chaos!
You die... "Hey, that's my teddy bear!"
Xom revives you!
You are lethally poisoned!
* * * LOW HITPOINT WARNING * * *
You feel very sick.
Crazy Yiuf hits you with a +2 quarterstaff of chaos.
* * * LOW HITPOINT WARNING * * *
A demonic guardian appears!
You are electrocuted!
You die...
Xom bursts into laughter!

..<...........#
#.#
.######.#######
#.# .# #(# #.#
.# ##)# #####
#<# .# #..#
#)..#
######.### .#
#.## #...#
#........# ..
... .4.
#.######.# .#
###. #g# #.#
#.## .. ♣@♣♣
#.# #..#
######.## ♣♣.♣
##.# ##.#
.§....... ♣.♣♣
#(.# #.#
######.#. ♣♣.♣
##########)#
#.# ♣♣.♣♣
#.#.#... #.#
♣♣...♣ ##.#..#.
#.# ♣...)♣
#.#..### #.#
#)...# ##..##.#
##.## #...)#
#..##...


You could see Crazy Yiuf (berserk, very poisoned, ally target) and a friendly
ice devil (summoned).

Vanquished Creatures
  Terence (D:3)
  3 gnolls (D:2)
  An adder (D:2)
  2 worms (D:2)
  3 dart slugs
  2 leopard geckos (D:1)
  4 orcs (D:3)
  6 giant cockroaches
  6 goblins
  9 hobgoblins
  7 jackals
  2 quokkas (D:2)
  4 bats
  7 frilled lizards
  A jackal skeleton (D:3)
  5 kobolds
  6 rats
69 creatures vanquished.

Vanquished Creatures (collateral kills)
  An orc priest (D:3)
  An orc wizard (D:3)
  2 orcs (D:3)
  A giant cockroach (D:3)
  A goblin (D:3)
  A frilled lizard (D:3)
7 creatures vanquished.

Grand Total: 76 creatures vanquished

Notes
Turn   | Place    | Note
-------+----------+-------------------------------------------
     0 | D:1      | miscthings the Demonspawn Chaos Knight began the quest for
                  | the Orb.
     0 | D:1      | Reached XP level 1. HP: 18/18 MP: 1/1
   112 | D:1      | Reached skill level 3 in Maces & Flails
   126 | D:1      | XOM: potion effect (brilliance)
   134 | D:1      | Gained mutation: A weak demonic guardian rushes to your
                  | aid. [demonic ancestry]
   134 | D:1      | Reached XP level 2. HP: 17/24 MP: 2/2
   200 | D:1      | XOM: silly message
   589 | D:1      | XOM: divination: detect creatures
   862 | D:2      | XOM: divination: magic mapping
   871 | D:2      | Reached XP level 3. HP: 28/29 MP: 3/3
   880 | D:2      | XOM: silly message
   898 | D:2      | Reached skill level 4 in Maces & Flails
   928 | D:1      | XOM: divination: detect items
  1027 | D:1      | XOM: give mutations
  1027 | D:1      | Gained mutation: Your natural rate of healing is unusually
                  | fast. [Xom's grace]
  1027 | D:1      | Gained mutation: You are robust. (+10% HP) [Xom's grace]
  1046 | D:2      | Gained mutation: You are partially covered in molten
                  | scales. (AC +2) [demonic ancestry]
  1046 | D:2      | Reached XP level 4. HP: 23/38 MP: 4/4
  1297 | D:2      | Noticed a shapeshifter
  1297 | D:2      | a jackal changed into a shapeshifter
  1297 | D:2      | Noticed an eye of draining
  1297 | D:2      | a shapeshifter changed into an eye of draining
  1302 | D:2      | Noticed a shapeshifter
  1302 | D:2      | an eye of draining changed into a shapeshifter
  1302 | D:2      | XOM: polymorph eye of draining -> shapeshifter
  1302 | D:2      | Noticed a yaktaur
  1302 | D:2      | a shapeshifter changed into a yaktaur
  1312 | D:2      | XOM: confuse monster(s)
  1550 | D:2      | Noticed a slime creature
  1574 | D:2      | XOM: cast spell 'Disjunction'
  1589 | D:2      | Noticed a sea snake
  1598 | D:2      | XOM: enchant monster (good)
  1676 | D:2      | Noticed a manticore
  1854 | D:3      | Noticed Terence
  1860 | D:3      | Killed Terence
  1861 | D:3      | Reached skill level 5 in Maces & Flails
  1886 | D:3      | Gained mutation: A demonic guardian rushes to your aid.
                  | [demonic ancestry]
  1886 | D:3      | Reached XP level 5. HP: 15/45 MP: 5/5
  1973 | D:3      | Found a faded altar of an unknown god.
  2145 | D:3      | XOM: 7-stop teleportation journey
  2152 | D:3      | Found a runed translucent door.
  2153 | D:3      | Noticed Crazy Yiuf
  2157 | D:3      | XOM: enchant monster (good)
  2160 | D:3      | Paralysed by Crazy Yiuf for 4 turns
  2161 | D:3      | Xom revived you
  2162 | D:3      | Mangled by Crazy Yiuf

Illustrated notes

Levels and vault maps discovered:
D:1:      dpeg_arrival_stone_temple_mockup, layout_basic,
          minmay_indecisive_spiral
D:2:      layout_basic
D:3:      minmay_diamond_boxcup, layout_loops_ring,
          chequers_ecumenical_altar_simple_redux, minmay_quantized,
          uniq_crazy_yiuf_cottage, uniq_terence

Skill      XL: |  1  2  3  4 |
---------------+-------------+-----
Maces & Flails | 3 4 5 |  5.6
Fighting       | |  3.0
Armour         | |  1.7
Dodging        | |  0.8

Action                   |  1- 3 |  4- 6 || total
-------------------------+-------+-------++-------
Melee: Mace              |    78 |   161 ||   239
  Use: Scroll            |       |     5 ||     5
 Stab: Paralysed         |     1 |       ||     1
       Sleeping          |       |     1 ||     1
Armor: Leather armour    |    31 |    73 ||   104
Dodge: Dodged            |    56 |   100 ||   156

Table legend: (Time is in decaauts)
 A = Elapsed time spent in this place.
 B = Non-inter-level travel time spent in this place.
 C = Inter-level travel time spent in this place.
 D = Time resting spent in this place.
 E = Time spent auto-exploring this place.
 F = Levels seen in this place.
 G = Mean time per level.
                   A        B        C        D        E       F      G
               +--------+--------+--------+--------+--------+-----+--------+
         Total |   2210 |   2074 |    136 |    127 |   1295 |   3 |  736.7 |
       Dungeon |   2210 |   2074 |    136 |    127 |   1295 |   3 |  736.7 |
               +--------+--------+--------+--------+--------+-----+--------+

Top non-repeatable levels by time:
     D:1: 952 daAuts
     D:2: 777 daAuts
     D:3: 479 daAuts
